 Dungeon Crawl Stone Soup version 0.31-a0-795-g5eb97db20b (webtiles) character file.

Game seed: 4344841359698089417

128500 quakins the Executioner (level 16, -1/162 HPs)
             Began as a Minotaur Berserker on Sept 19, 2023.
             Was the Champion of Trog.
             Killed by a malign offering
             ... invoked by a deep elf high priest
              (17 damage)
             ... on level 1 of the Elven Halls.
             The game lasted 01:04:52 (28153 turns).

quakins the Executioner (Minotaur Berserker)       Turns: 28153, Time: 01:04:53

Health: -1/162     AC: 24    Str: 34    XL:     16   Next: 48%
Magic:  15/15      EV: 15    Int:  2    God:    Trog [******]
Gold:   3920       SH:  0    Dex: 16    Spells: 15/15 levels left

rFire   . . .        n - +8 executioner's axe (flame)
rCold   . . .        (shield currently unavailable)
rNeg    . . .        m - +0 plate armour
rPois   .            (helmet restricted)
rElec   +            t - +1 cloak {rCorr}
rCorr   +            a - +0 pair of gloves
SInv    .            h - +1 pair of boots of the Alphagorgon {Int-2 Dex+4 Stlth+}
Will    +....        c - amulet of Ucem {rElec Regen+ Str+2} Stlth
                     C - +5 ring of evasion
HPRegen 0.00/turn    R - +6 ring of strength
MPRegen 0.14/turn

%: no passive effects
@: on berserk cooldown, sick, slowed, very slow
A: horns 2, retaliatory headbutt, weak 1
a: Renounce Religion, Berserk, Trog's Hand, Brothers in Arms


You were on level 1 of the Elven Halls.
You worshipped Trog.
Trog was exalted by your worship.
You visited 7 branches of the dungeon, and saw 26 of its levels.
You visited the Abyss 1 time.
You also visited: Ossuary, Gauntlet and Ice Cave.

You collected 3920 gold pieces.

Inventory:

Hand Weapons
 n - a +8 executioner's axe of flaming (weapon)
Missiles
 o - a throwing net
Armour
 a - a +0 pair of gloves (worn)
 h - the +1 pair of boots of the Alphagorgon (worn) {Int-2 Dex+4 Stlth+}
   (You found it on level 2 of the Dungeon)

   Int-2:     It affects your intelligence (-2).
   Dex+4:     It affects your dexterity (+4).
   Stlth+:    It makes you more stealthy.
 m - a +0 plate armour (worn)
 t - a +1 cloak of preservation (worn)
 G - a scarf of resistance
Jewellery
 c - the amulet of Ucem (around neck) {rElec Regen+ Str+2}
   (You found it on level 5 of the Lair of Beasts)

   [amulet of regeneration]

   Str+2:     It affects your strength (+2).
   rElec:     It insulates you from electricity.
   Regen+:    It increases your rate of health regeneration.
 C - a +5 ring of evasion (left hand)
 K - a ring of flight
 L - a ring of willpower
 O - a +6 ring of intelligence
 P - the ring "Oxzown Rutaw" {rC+ rCorr Dex+3}
   (You took it off a minotaur in a Gauntlet)

   [ring of resist corrosion]

   Dex+3:     It affects your dexterity (+3).
   rC+:       It protects you from cold.
   rCorr:     It protects you from acid and corrosion.
 R - a +6 ring of strength (right hand)
Wands
 g - a wand of flame (7)
 l - a wand of roots (15)
 r - a wand of mindburst (21)
 J - a wand of paralysis (16)
 S - a wand of acid (8)
 X - a wand of digging (6)
 Y - a wand of polymorph (9)
Scrolls
 b - a scroll of torment
 d - 5 scrolls of fear
 e - 7 scrolls of teleportation
 f - 7 scrolls of vulnerability
 i - 4 scrolls of fog
 w - 3 scrolls of summoning
 x - 3 scrolls of immolation
 y - 4 scrolls of silence
 D - 4 scrolls of poison
 H - 5 scrolls of enchant armour
 I - 4 scrolls of noise
 N - a scroll of brand weapon {unknown}
 V - 2 scrolls of blinking
 W - 2 scrolls of revelation {unknown}
Potions
 j - 2 potions of heal wounds
 k - 4 potions of attraction {unknown}
 p - 4 potions of mutation {unknown}
 q - 4 potions of haste {unknown}
 s - a potion of resistance {unknown}
 u - 2 potions of brilliance {unknown}
 v - 4 potions of enlightenment {unknown}
 z - 5 potions of lignification {unknown}
 A - 2 potions of magic {unknown}
 B - 6 potions of curing {unknown}
 E - 2 potions of might {unknown}
 F - 3 potions of ambrosia {unknown}
 M - 2 potions of invisibility {unknown}
 U - 2 potions of degeneration {unknown}


   Skills:
 - Level 20.0 Fighting
 - Level 24.0 Axes
 - Level 16.0 Armour
 - Level 2.1 Dodging
 + Level 4.2 Shapeshifting


You had 15 spell levels left.
You didn't know any spells.
Your spell library was empty.

Dungeon Overview and Level Annotations

Branches:
Dungeon (15/15)            Temple (1/1) D:6            Lair (5/5) D:8
  Swamp (1/4) Lair:3        Snake (0/4) Lair:3        Slime (0/5) Lair:4
    Orc (2/2) D:12            Elf (1/3) Orc:2        Vaults (0/5) D:13
 Depths (1/4) D:15        Ossuary (visited)           IceCv (visited)
Gauntlet (visited)

Altars:
Ashenzari
Cheibriados
Dithmenos
Elyvilon
Fedhas
Gozag
Hepliaklqana
Kikubaaqudgha
Makhleb
Nemelex Xobeh
Okawaru
Qazlal
Ru
Sif Muna
Trog
Uskayaw
Vehumet
Wu Jian
Xom
Yredelemnul
Zin
The Shining One
Jiyva

Shops:
D:4 :   D:11 :   Orc:2 :!(*=


Innate Abilities, Weirdness & Mutations

You have a pair of horns on your head.
You reflexively headbutt those who attack you in melee.
You are weak. (Str -2)


Message History

The starcursed mass touches you but does no damage.
The deep elf demonologist casts a spell.
You carve the deep elf demonologist like a ham!!!
You burn the deep elf demonologist!!
You kill the deep elf demonologist!
Trog accepts your kill.
Trog appreciates your killing of a magic user.
The Brimstone Fiend disappears in a puff of smoke!
You slice the starcursed mass!! You burn the starcursed mass!
You destroy the starcursed mass!
Trog accepts your kill.
You feel sick.
You feel sick.
Things that are here:
a +0 leather armour; a +0 short sword You feel a strong urge to attack something.
You feel sick.
You feel sick.
Items here: )) [ ÷.
You feel your anger nearly subside.
You are no longer berserk.
You are exhausted.
You feel yourself slow down.
You feel sick.
You feel sick.
You feel sick.
You are no longer poisoned.
The deep elf high priest is no longer giving off an aura.
The deep elf high priest utters a dark prayer and points at you.
Your life force is offered up.
You are no longer corroded.
Items here: ( ) [ ÷.
The deep elf high priest invokes the aid of its god against you.
The sphere of damnation explodes!
The damnation engulfs you!!
* * * LOW HITPOINT WARNING * * *
There is an open door here.
The deep elf high priest utters a dark prayer and points at you.
Your life force is offered up.
* * * LOW HITPOINT WARNING * * *
The deep elf high priest utters a dark prayer and points at you.
Your life force is offered up.
You die...

...........#.........#...#
######.....'.........#.### #
#.###.#.........#.# #.#
#.##........#'## #.#
#.###'#........#
##.###.###.#........#
#####........#.#........#
[[.e.[.###.e[..#..#############
#)#########....'@.#...........#
#§§{......#.####..#..).)#..⌠..#
##)e#''#' ### ##.#).)))#.)...#
#8.e...... #..).....#..<..#
#8........ #..#[....#..[..#
##..#..#.. #.[#..)..#..⌠..#
..)..... ######.#...........###
........ #.....[#############..
..#. #.. ###.##......# ###


You could see a deep elf high priest.

Vanquished Creatures
  A bone dragon (Abyss:3)
  Frances (Orc:2)
  A tentacled starspawn (Abyss:3)
  Agnes (Elf:1)
  A very ugly thing (Abyss:3)
  Nessos (Lair:5)
  2 deep elf demonologists (Elf:1)
  A reaper (Gauntlet)
  A yellow draconian (Abyss:3)
  5 dire elephants
  A minotaur (Gauntlet)
  A deep elf death mage (Elf:1)
  The ghost of mandarbmax the Carver, a journeyman DrMo of Makhleb (Lair:2)
  2 rakshasas
  4 hydras
  8 vault guards
  Erica (D:10)
  3 centaur warriors
  2 catoblepae
  3 boulder beetles
  3 dancing weapons (Elf:1)
  4 two-headed ogres
  A deep troll earth mage (D:15)
  3 thrashing horrors (Abyss:3)
  2 death yaks (Lair:5)
  2 orc high priests (Orc:2)
  2 deep elf knights (Elf:1)
  2 wretched stars (Abyss:3)
  Nergalle (D:10)
  Lodul (D:11)
  A spectral death yak (Lair:5)
  A spectral anaconda (Lair:5)
  4 lindwurms (Lair:5)
  2 orc knights
  An obsidian statue (Lair:5)
  7 deep elf archers (Elf:1)
  3 bog bodies
  17 deep elf pyromancers
  5 orc sorcerers
  5 necromancers
  7 deep elf zephyrmancers (Elf:1)
  A shining eye (Abyss:3)
  10 ugly things (D:14)
  A wolf spider (D:15)
  4 cyclopes (D:14)
  A manticore (shapeshifter) (D:10)
  19 elephants
  2 ice statues (IceCv)
  A worldbinder (Abyss:3)
  A rust devil (Gauntlet)
  7 black mambas
  2 gargoyles (D:12)
  2 unseen horrors
  12 cane toads
  An efreet (D:15)
  A torpor snail (Gauntlet)
  5 komodo dragons
  A freezing wraith (IceCv)
  A rime drake (Lair:3)
  2 anaconda simulacra (IceCv)
  5 ancient zymes (Abyss:3)
  4 ice devils (IceCv)
  A kobold demonologist (D:12)
  2 tengu conjurers (D:13)
  A hellwing (Gauntlet)
  Prince Ribbit (D:6)
  12 trolls
  3 polar bears
  21 blink frogs
  A harpy skeleton (Abyss:3)
  3 hornets
  4 raiju (Abyss:3)
  A hornet (shapeshifter) (D:13)
  A spectral elephant (Lair:5)
  Sigmund (D:3)
  2 ynoxinuls
  3 shadows (D:12)
  2 dire elephant simulacra (IceCv)
  7 slime creatures
  5 large abominations
  2 wraiths
  A spriggan (Lair:2)
  36 yaks
  A vampire (D:11)
  5 wyverns
  2 fire elementals (Elf:1)
  A steam dragon (D:8)
  6 basilisks
  12 vampire mosquitoes
  2 death yak simulacra
  The ghost of Rudyous the Conjurer, an amateur DsCj (D:6)
  A spectral cane toad (Lair:5)
  5 nagas (Lair:3)
  5 wargs
  10 water moccasins
  A hell hound (Abyss:3)
  A two-headed ogre zombie (D:12)
  Edmund (D:5)
  3 harpy simulacra (IceCv)
  3 hydra simulacra (IceCv)
  3 acid dragons
  28 orc warriors
  A sky beast (D:7)
  3 black bears
  14 ogres
  14 wolves
  9 centaurs
  An elephant skeleton (Lair:5)
  2 phantoms
  14 bullfrogs
  3 kobold brigands
  3 earth elementals (Elf:1)
  3 scorpions
  Blork the orc (D:5)
  2 two-headed ogre simulacra (D:12)
  3 cane toad simulacra
  22 wights
  15 killer bees
  2 troll zombies (D:12)
  An elephant simulacrum (D:12)
  3 howler monkeys (D:9)
  A crimson imp (Abyss:3)
  3 jellies
  27 orc priests
  2 starcursed masses
  A gnoll bouda (D:9)
  4 iron imps (Gauntlet)
  A sleepcap (D:4)
  4 iguanas
  45 orc wizards
  2 troll simulacra
  A polar bear simulacrum (IceCv)
  A spriggan simulacrum (D:12)
  4 small abominations
  5 ogre zombies (D:12)
  2 mummies
  16 gnolls
  A naga simulacrum (D:12)
  16 adders
  4 shadow imps
  4 white imps
  An ufetubus (IceCv)
  A dart slug (D:1)
  77 orcs
  3 ball pythons
  10 endoplasms
  A giant cockroach (D:1)
  8 hobgoblins
  3 quokkas (D:1)
  7 bats
  3 frilled lizards
  11 gnoll skeletons (Ossuary)
  12 goblins
  2 goblin zombies (D:12)
  2 hobgoblin zombies (D:12)
  26 kobolds
  9 kobold skeletons (Ossuary)
  8 orc skeletons
  18 orc zombies (D:12)
  6 rats
  A starspawn tentacle (Abyss:3)
868 creatures vanquished.

Vanquished Creatures (others)
  An angel (D:7)
  A water elemental (Elf:1)
  2 orcs (Elf:1)
  A starspawn tentacle (Abyss:3)
5 creatures vanquished.

Grand Total: 873 creatures vanquished

Notes
Turn   | Place    | Note
-------+----------+-------------------------------------------
     0 | D:1      | quakins the Minotaur Berserker began the quest for the Orb.
     0 | D:1      | Reached XP level 1. HP: 19/19 MP: 0/0
    35 | D:1      | Noticed a +0 demon trident
    37 | D:1      | Found Qokestai's Weapon Emporium.
    39 | D:1      | Noticed a +0 quick blade
    62 | D:1      | Reached skill level 4 in Axes
   255 | D:1      | Reached XP level 2. HP: 26/26 MP: 1/1
   656 | D:1      | Reached skill level 5 in Axes
   831 | D:2      | Found a faded altar of an unknown god.
   907 | D:2      | Reached XP level 3. HP: 31/31 MP: 2/2
   918 | D:2      | Identified the +1 pair of boots of the Alphagorgon {Int-2
                  | Dex+4 Stlth+}
  1564 | D:3      | Reached XP level 4. HP: 24/39 MP: 3/3
  1627 | D:3      | Reached skill level 6 in Axes
  1739 | D:3      | You fall into a shaft and drop 2 floors!
  1739 | D:5      | Entered Level 5 of the Dungeon
  1754 | D:5      | Noticed a black bear
  1774 | D:5      | Reached skill level 7 in Axes
  1774 | D:5      | Reached XP level 5. HP: 38/45 MP: 4/4
  1820 | D:5      | Reached skill level 8 in Axes
  2019 | D:5      | Reached XP level 6. HP: 24/51 MP: 5/5
  2152 | D:5      | Reached skill level 9 in Axes
  2188 | D:5      | Noticed Blork the orc
  2196 | D:5      | Killed Blork the orc
  2199 | D:5      | Reached ** piety under Trog
  2199 | D:5      | Noticed a hornet
  2204 | D:5      | Reached XP level 7. HP: 55/57 MP: 6/6
  2207 | D:5      | Killed a hornet
  2208 | D:5      | Reached skill level 10 in Axes
  2208 | D:5      | Reached skill level 5 in Fighting
  2511 | D:4      | Found Agrey's Book Shop.
  2985 | D:4      | Reached XP level 8. HP: 70/70 MP: 7/7
  3157 | D:4      | Found an ancient bone altar of Kikubaaqudgha.
  3157 | D:4      | Found a faded altar of an unknown god.
  3164 | D:4      | Found a faded altar of an unknown god.
  3166 | D:4      | Found a broken altar of Ashenzari.
  3168 | D:4      | Found a bloodstained altar of Trog.
  3455 | D:3      | Reached skill level 11 in Axes
  3595 | D:3      | Found a sacrificial altar of Ru.
  3618 | D:3      | Noticed Sigmund
  3627 | D:3      | Killed Sigmund
  4239 | D:5      | Reached skill level 12 in Axes
  4241 | D:5      | Noticed Edmund
  4242 | D:5      | Noticed a hornet
  4247 | D:5      | Killed a hornet
  4250 | D:5      | Killed Edmund
  4425 | D:5      | Reached skill level 13 in Axes
  4426 | D:5      | Reached *** piety under Trog
  4966 | D:5      | Reached XP level 9. HP: 74/75 MP: 8/8
  4999 | D:6      | Noticed Prince Ribbit
  5012 | D:6      | Killed Prince Ribbit
  5118 | D:6      | Reached skill level 14 in Axes
  5442 | D:6      | Found a staircase to the Ecumenical Temple.
  5453 | Temple   | Entered the Ecumenical Temple
  5535 | D:6      | Found a runed translucent door.
  5535 | D:6      | Noticed Rudyous's ghost (amateur DsCj)
  6024 | D:6      | Killed Rudyous's ghost
  6126 | D:7      | Found a glowing silver altar of Zin.
  6133 | D:7      | Noticed an angel
  6136 | D:7      | Found a shimmering altar of Xom.
  6370 | D:7      | Found a sand-covered staircase.
  6378 | Ossuary  | Entered an ossuary
  6409 | Ossuary  | Reached skill level 10 in Fighting
  6499 | Ossuary  | Reached **** piety under Trog
  7003 | D:7      | Reached XP level 10. HP: 93/93 MP: 9/9
  7206 | D:7      | Killed an angel
  7295 | D:8      | Reached skill level 15 in Axes
  7796 | D:8      | Noticed a two-headed ogre
  7816 | D:8      | Killed a two-headed ogre
  7817 | D:8      | Reached skill level 16 in Axes
  7933 | D:8      | Found a sparkling altar of Nemelex Xobeh.
  8018 | D:8      | Reached ***** piety under Trog
  8212 | D:8      | Found a staircase to the Lair.
  8632 | D:9      | Reached skill level 17 in Axes
  8639 | D:9      | Noticed a two-headed ogre
  8759 | D:9      | Killed a two-headed ogre
  8794 | D:9      | Reached XP level 11. HP: 99/99 MP: 10/10
  8936 | D:9      | Reached skill level 18 in Axes
  9263 | D:9      | Found an ornate altar of the Wu Jian Council.
  9356 | D:9      | Found a glowing golden altar of the Shining One.
  9548 | D:10     | Entered Level 10 of the Dungeon
  9690 | D:10     | Reached skill level 19 in Axes
 10020 | D:10     | Noticed Erica
 10025 | D:10     | Killed Erica
 10396 | D:10     | Noticed Nergalle
 10399 | D:10     | Killed Nergalle
 10550 | D:11     | Found Funow's Tiny Tomes.
 10714 | D:11     | Noticed Lodul
 10725 | D:11     | Killed Lodul
 10726 | D:11     | Reached skill level 20 in Axes
 11498 | D:12     | Noticed a boulder beetle
 11514 | D:12     | Killed a boulder beetle
 11696 | D:12     | Noticed a two-headed ogre
 11705 | D:12     | Killed a two-headed ogre
 11706 | D:12     | Reached XP level 12. HP: 92/112 MP: 11/11
 11741 | D:12     | Found a staircase to the Orcish Mines.
 11765 | D:12     | Received a gift from Trog
 12031 | D:12     | Found a frozen archway.
 12086 | IceCv    | Entered an ice cave
 13044 | IceCv    | Reached skill level 5 in Armour
 14022 | D:13     | Noticed a rakshasa
 14048 | D:13     | Killed a rakshasa
 14143 | D:13     | Identified the +1 mace "Orb Guardian's Foe" {protect, rN+}
 14192 | D:13     | Found a gate to the Vaults.
 14192 | D:13     | Noticed a vault guard
 14192 | D:13     | Noticed a vault guard
 14192 | D:13     | Noticed a vault guard
 14192 | D:13     | Noticed a vault guard
 14192 | D:13     | Noticed a vault guard
 14192 | D:13     | Noticed a vault guard
 14220 | D:12     | Killed a vault guard
 14221 | D:12     | Reached skill level 21 in Axes
 14491 | D:13     | Noticed a vault guard
 14519 | D:13     | Noticed a vault guard
 14528 | D:13     | Killed a vault guard
 14538 | D:13     | Killed a vault guard
 14558 | D:13     | Killed a vault guard
 14559 | D:13     | Reached XP level 13. HP: 81/124 MP: 12/12
 14939 | D:13     | Reached skill level 22 in Axes
 15093 | D:14     | Identified the +8 bardiche "Sylofiem" {protect, Will+ Str-5
                  | Dex+2}
 15551 | D:14     | Reached skill level 23 in Axes
 15582 | D:14     | Received a gift from Trog
 16039 | D:14     | Found a glowing golden altar of the Shining One.
 16430 | D:15     | Entered Level 15 of the Dungeon
 16506 | D:15     | Found a staircase to the Depths.
 16506 | D:15     | Noticed a dire elephant
 16523 | D:15     | Reached skill level 24 in Axes
 16525 | D:15     | Killed a dire elephant
 17025 | D:15     | Reached XP level 14. HP: 104/132 MP: 13/13
 17280 | Depths:1 | Entered Level 1 of the Depths
 17280 | Depths:1 | Noticed a stone giant
 17280 | Depths:1 | Noticed a frost giant
 17592 | Lair:1   | Entered Level 1 of the Lair of Beasts
 18180 | Lair:1   | Reached skill level 10 in Armour
 19008 | Lair:2   | Received a gift from Trog
 19182 | Lair:2   | Found a large runed translucent door.
 19185 | Lair:2   | Found a large runed translucent door.
 19187 | Lair:2   | Noticed mandarbmax's ghost (journeyman DrMo)
 19445 | Lair:2   | Killed mandarbmax's ghost
 19721 | Lair:3   | Found a staircase to the Snake Pit.
 19891 | Lair:3   | Reached skill level 15 in Fighting
 19959 | Lair:3   | Found a staircase to the Swamp.
 20761 | Lair:4   | Found a viscous altar of Jiyva.
 20762 | Lair:4   | Found a staircase to the Slime Pits.
 21286 | Lair:5   | Entered Level 5 of the Lair of Beasts
 21289 | Lair:5   | Identified a scroll of acquirement
 21291 | Lair:5   | Acquired 993 gold pieces
 21436 | Lair:5   | Found a gate leading to a gauntlet.
 21492 | Lair:5   | Reached XP level 15. HP: 147/147 MP: 14/14
 21493 | Gauntlet | Entered a Gauntlet
 21493 | Gauntlet | Found a transporter.
 21493 | Gauntlet | Found a transporter.
 21496 | Gauntlet | Found a transporter.
 21499 | Gauntlet | Found a transporter.
 21534 | Gauntlet | Found a transporter.
 21538 | Gauntlet | Found a transporter.
 21548 | Gauntlet | Found a transporter.
 21565 | Gauntlet | Found a large runed translucent door.
 21566 | Gauntlet | Found a large runed translucent door.
 21567 | Gauntlet | Found a large runed translucent door.
 21567 | Gauntlet | Found a large runed translucent door.
 21568 | Gauntlet | Found a runed translucent gate.
 21569 | Gauntlet | Found a large runed translucent door.
 21569 | Gauntlet | Found a large runed translucent door.
 21569 | Gauntlet | Found a runed translucent door.
 21570 | Gauntlet | Found a large runed translucent door.
 21571 | Gauntlet | Found a large runed translucent door.
 21588 | Gauntlet | Found a transporter.
 21591 | Gauntlet | Found a transporter.
 21591 | Gauntlet | Found a runed translucent door.
 21592 | Gauntlet | Found a large runed translucent door.
 21592 | Gauntlet | Found a large runed translucent door.
 21592 | Gauntlet | Found a large runed translucent door.
 21593 | Gauntlet | Found a large runed translucent door.
 21595 | Gauntlet | Found a runed translucent gate.
 21595 | Gauntlet | Found a runed translucent gate.
 21597 | Gauntlet | Found a transporter.
 21607 | Gauntlet | Found a large runed translucent door.
 21608 | Gauntlet | Found a large runed translucent door.
 21617 | Gauntlet | Found a large runed translucent door.
 21617 | Gauntlet | Found a large runed translucent door.
 21635 | Gauntlet | Found a transporter.
 21639 | Gauntlet | Found a transporter.
 21814 | Gauntlet | Identified the ring "Gamih" {Dex+6 Stlth+}
 21936 | Gauntlet | Identified the ring "Oxzown Rutaw" {rC+ rCorr Dex+3}
 22110 | Lair:5   | Noticed Nessos
 22144 | Lair:5   | Killed Nessos
 22829 | Lair:5   | Received a gift from Trog
 23006 | Lair:5   | Identified the amulet of Ucem {rElec Regen+ Str+2}
 23498 | Lair:5   | Identified the +7 halberd of Joett {flame, rCorr Dex+4}
 23499 | Lair:5   | Identified the +7 spear "Lotwucysk" {heavy, Contam rElec
                  | rN+++ Int-4}
 23892 | Orc:1    | Entered Level 1 of the Orcish Mines
 24108 | Orc:2    | Entered Level 2 of the Orcish Mines
 24181 | Orc:2    | Reached ****** piety under Trog
 24622 | Orc:2    | Found Uceopp's Assorted Antiques.
 24622 | Orc:2    | Found Sicuy's Jewellery Shop.
 24623 | Orc:2    | Found Reekhuko's Weapon Boutique.
 24629 | Orc:2    | Found Biazes Myle's Distillery.
 24659 | Orc:2    | Paralysed by an orc sorcerer for 3 turns
 24684 | Orc:2    | Received a gift from Trog
 24742 | Orc:2    | Found a staircase to the Elven Halls.
 25306 | Orc:2    | Found Zemi Toj's Book Boutique.
 25920 | Swamp:1  | Entered Level 1 of the Swamp
 26187 | Elf:1    | Entered Level 1 of the Elven Halls
 26187 | Elf:1    | Noticed Frances
 26200 | Orc:2    | Killed Frances
 26465 | Elf:1    | Received a gift from Trog
 26862 | Elf:1    | Reached XP level 16. HP: 140/162 MP: 15/15
 27008 | Elf:1    | Noticed Agnes
 27014 | Elf:1    | Killed Agnes
 27326 | Elf:1    | Reached skill level 15 in Armour
 27589 | Elf:1    | Identified the +10 battleaxe of the Wasp {flame, rC+} (Trog
                  | gifted it to you on level 1 of the Elven Halls)
 27589 | Elf:1    | Received a gift from Trog
 27591 | Elf:1    | Noticed an Executioner
 27600 | Abyss:2  | Cast into level 2 of the Abyss (a deep elf demonologist)
 27750 | Abyss:3  | Noticed a tentacled starspawn
 27772 | Abyss:3  | Noticed a bone dragon
 27776 | Abyss:3  | Noticed a lich
 27844 | Abyss:3  | Gained mutation: You are weak. (Str -2) [a shining eye]
 27848 | Abyss:3  | Noticed a bone dragon
 27859 | Abyss:3  | Killed a bone dragon
 27860 | Abyss:3  | Reached skill level 1 in Shapeshifting
 27956 | Abyss:3  | Noticed a tentacled starspawn
 27960 | Abyss:3  | Killed a tentacled starspawn
 28042 | Abyss:3  | Found a corrupted altar of Lugonu.
 28048 | Abyss:3  | Found a corrupted altar of Lugonu.
 28048 | Abyss:3  | Found a corrupted altar of Lugonu.
 28137 | Elf:1    | Escaped the Abyss
 28139 | Elf:1    | Noticed a Brimstone Fiend
 28153 | Elf:1    | Killed from afar by a deep elf high priest

Illustrated notes

Levels and vault maps discovered:
D:1:      lightli_arrival_windingriver, layout_basic, serial_shops,
          nicolae_shop_mannequins, minmay_misc_feat_columns
D:2:      layout_loops_ring, ebering_ecumenical_altar_hall
D:3:      layout_basic, mainiacjoe_overflow_alcove_2, minmay_circle_x,
          uniq_sigmund
D:4:      layout_cave_pods, chequers_temple_overflow_minitemple, serial_shops,
          nicolae_shop_rolling_square, minmay_increasing_density
D:5:      cheibrodos_thug_alley, layout_rooms, uniq_edmund, uniq_blork_the_orc
D:6:      layout_loops_ring, minmay_temple_entry_statues_fountains,
          hellmonk_ghost_happy_afterlife, chequers_avenue, uniq_prince_ribbit1
D:7:      layout_loops_corners, grunt_temple_overflow_order_and_chaos_1,
          gup_ossuary_entry_pyramid, uniq_crazy_yiuf_cottage
D:8:      layout_cave_pools, kennysheep_mini_moat, david_lair_shrubbed
D:9:      layout_cave_pools, pdpol_wu_jian_five_deadly_venoms,
          mainiacjoe_overflow_chevrons, hangedman_decor_riveting
D:10:     layout_basic, uniq_erica, uniq_nergalle
D:11:     layout_cross, nicolae_shop_i_like_small_books_too, uniq_lodul
D:12:     layout_roguey, zombieorc2_lemuel, portal_ice_cave_entry_ice_simulacra,
          st_stairs_2
D:13:     layout_gridville, erik_vaults_2
D:14:     layout_loops_ring, minivault_25, tso_oasis_becter
D:15:     hangedman_depths_entry_try_elsewhere_first, layout_basic
Temple:   nicolae_temple_figure_eight
Lair:1:   layout_loops_ring, grunt_megastairs_1
Lair:2:   layout_roguey, ebering_ghost_disaster_area,
          grunt_forest_large_clearings
Lair:3:   layout_misc_corridors, skrybe_swamp_entry_bodies,
          minmay_snake_entry_guardpost_medium
Lair:4:   layout_long_grid, slime_entry_1
Lair:5:   due_jungle_book, layout_loops_ring, gauntlet_entry_generic,
          minmay_lindwurm_lava, uniq_nessos
Swamp:1:  layout_basic_swamp, evilmike_swamp_ruin_house_3, swamp_pool5,
          st_swamp_ruins_2
Orc:1:    layout_diamond_mine
Orc:2:    st_orc_mages, layout_caves, serial_shops,
          nicolae_shop_back_alley_shop, minmay_orc_temple_b
Elf:1:    nicolae_elf_arrival_fired_up, layout_gridlike, orc_legates,
          uniq_frances, uniq_agnes
Depths:1: layout_cave_pools, hellmouth_1, hangedman_decor_push,
          lemuel_angel_altar

Skill      XL: |  1  2  3  4  5  6  7  8  9 10 11 12 13 14 15 16 |
---------------+-------------------------------------------------+-----
Axes           | 4 5 7 8 9 10 13 14 17 20 21 24 | 24.0
Fighting       | 6 10 12 14 17 20 | 20.0
Armour         | 6 7 12 14 16 | 16.0
Shapeshifting  | 4 |  4.2
Dodging        | |  2.1

Action                     |  1- 3 |  4- 6 |  7- 9 | 10-12 | 13-15 | 16-18 || total
---------------------------+-------+-------+-------+-------+-------+-------++-------
  Melee: Hand axe          |    77 |    52 |   211 |       |       |       ||   340
         Headbutt          |    11 |     8 |    65 |    89 |   166 |    28 ||   367
         Punch             |     1 |       |       |       |       |       ||     1
         War axe           |       |       |    99 |    25 |       |       ||   124
         Battleaxe         |       |       |       |   278 |       |       ||   278
         Executioner's axe |       |       |       |    77 |   804 |   145 ||  1026
 Invoke: Berserk           |       |     3 |     6 |    11 |     8 |     4 ||    32
         Trog's Hand       |       |       |       |     4 |     4 |     5 ||    13
    Use: Scroll            |       |       |     8 |     7 |     7 |     2 ||    24
         Potion            |       |       |       |       |     2 |       ||     2
   Stab: Sleeping          |     1 |     1 |       |       |       |       ||     2
 Armour: Animal skin       |    31 |       |       |       |       |       ||    31
         Ring mail         |     3 |    17 |       |       |       |       ||    20
         Plate armour      |       |    10 |   154 |   305 |   602 |   162 ||  1233
  Dodge: Dodged            |    47 |    12 |    41 |   129 |   435 |    81 ||   745
  Block: Buckler           |     1 |       |       |       |       |       ||     1
         Tower shield      |       |    30 |   171 |    18 |       |       ||   219

Table legend: (Time is in decaauts)
 A = Elapsed time spent in this place.
 B = Non-inter-level travel time spent in this place.
 C = Inter-level travel time spent in this place.
 D = Time resting spent in this place.
 E = Time spent auto-exploring this place.
 F = Levels seen in this place.
 G = Mean time per level.
                   A        B        C        D        E       F      G
               +--------+--------+--------+--------+--------+-----+--------+
         Total |  28195 |  26300 |   1895 |   6522 |  14178 |  31 |  909.5 |
       Dungeon |  16459 |  15071 |   1388 |   3778 |   8455 |  15 | 1097.3 |
        Temple |      1 |      1 |      0 |      0 |      0 |   1 |    1.0 |
          Lair |   5577 |   5266 |    311 |    564 |   3846 |   5 | 1115.4 |
         Swamp |      1 |      0 |      1 |      0 |      0 |   1 |    1.0 |
  Orcish Mines |   2051 |   1877 |    174 |    632 |    836 |   2 | 1025.5 |
   Elven Halls |   1235 |   1217 |     18 |    312 |    600 |   1 | 1235.0 |
        Depths |      1 |      1 |      0 |      0 |      0 |   1 |    1.0 |
         Abyss |    549 |    549 |      0 |     10 |      0 |   2 |  274.5 |
       Ossuary |    223 |    223 |      0 |      0 |    107 |   1 |  223.0 |
      Ice Cave |   1474 |   1474 |      0 |   1087 |     60 |   1 | 1474.0 |
      Gauntlet |    619 |    619 |      0 |    137 |    273 |   1 |  619.0 |
               +--------+--------+--------+--------+--------+-----+--------+

Top non-repeatable levels by time:
  Lair:5: 1752 daAuts
     D:5: 1532 daAuts
     D:8: 1491 daAuts
   IceCv: 1474 daAuts
    D:14: 1358 daAuts
    D:12: 1337 daAuts
   Orc:2: 1321 daAuts
   Elf:1: 1235 daAuts
  Lair:1: 1232 daAuts
     D:7: 1125 daAuts
     D:4: 1116 daAuts
     D:6: 1074 daAuts
  Lair:4: 1071 daAuts
    D:10: 1031 daAuts
     D:9: 1010 daAuts
